 Dungeon Crawl Stone Soup version 0.25.0-33-gff14898 (webtiles) character file.

Game seed: 15988098844363523483

71 Gadfly the Insei (level 4, -6/36 HPs)
             Began as a Draconian Transmuter on July 8, 2020.
             Mangled by a centaur (7 damage)
             ... on level 2 of the Dungeon.
             The game lasted 00:02:32 (2340 turns).

Gadfly the Insei (Draconian Transmuter)             Turns: 2340, Time: 00:02:32

Health: -6/36      AC:  7    Str: 12    XL:     4   Next: 5%
Magic:  7/7        EV: 12    Int: 14    God:
Gold:   45         SH:  0    Dex: 12    Spells: 2/8 levels left

rFire    . . .     SeeInvis .   b - +1 whip (elec)
rCold    . . .     Gourm    .   (no shield)
rNeg     . . .     Faith    .   (armour unavailable)
rPois    .         Spirit   .   i - +2 hat
rElec    .         Reflect  .   (no cloak)
rCorr    .         Harm     .   (no gloves)
MR       .....                  (no boots)
Stlth    +.........             (no amulet)
HPRegen  0.12/turn              (no ring)
MPRegen  0.10/turn              (no ring)

@: lethally poisoned (-6 -> -8)
A: unfitting armour, cold-blooded, AC +5
a: no special abilities


You were on level 2 of the Dungeon.
You were hungry.

You visited 1 branch of the dungeon, and saw 2 of its levels.

You collected 45 gold pieces.

Inventory:

Hand Weapons
 b - a +1 whip of electrocution (weapon)
Missiles
 a - 28 arrows
Armour
 i - a +2 hat (worn)
Scrolls
 d - 3 scrolls of amnesia
 e - 3 scrolls of teleportation
 f - a scroll of immolation {unknown}
 g - 4 scrolls of identify
 j - a scroll of remove curse
Potions
 h - a potion of heal wounds
 k - a potion of mutation
Comestibles
 c - 3 rations


   Skills:
 + Level 1.7 Fighting
 * Level 2.3 Dodging
 * Level 3.5 Unarmed Combat
 * Level 2.5 Spellcasting
 * Level 2.5 Transmutations


You had 2 spell levels left.
You knew the following spells:

 Your Spells              Type           Power        Failure   Level  Hunger
a - Beastly Appendage     Tmut           #.....       8%          1    #......
b - Sticks to Snakes      Tmut           #.......     12%         2    ###....
c - Spider Form           Tmut/Pois      #.........   36%         3    ###....

Your spell library contained the following spells:

 Spells                   Type           Power        Failure   Level  Hunger
 Ice Form                 Ice/Tmut       #.......     78%         4    #####..
 Blade Hands              Tmut           #.........   91%         5    ######.


Dungeon Overview and Level Annotations

Branches:
Dungeon (2/15)

Altars:


Innate Abilities, Weirdness & Mutations

Your plain brown scales are hard. (AC +5)
You cannot fit into any form of body armour.
You are cold-blooded and may be slowed by cold attacks.


Message History

You are too injured to fight recklessly!
You are too injured to fight recklessly!
You are too injured to fight recklessly!
You are too injured to fight recklessly!
You are too injured to fight recklessly!
You are too injured to fight recklessly!
You are too injured to fight recklessly!
You are too injured to fight recklessly!
You are too injured to fight recklessly!
You are too injured to fight recklessly!
The centaur unwields a +0 shortbow.
The centaur hits you!
* * * LOW HITPOINT WARNING * * *
Things that are here:
2 arrows; an adder corpse You hit the centaur.
Lightning courses through the centaur!
The centaur is almost dead.
The centaur hits you.
* * * LOW HITPOINT WARNING * * *
The centaur hits you!
You die...

####### ##########
#.......##........#
#.......##........#
#.......##........#
#.......##........#
#....>..##........#
#.......##(.......########
#......>c@................
#.......#####'#'##########
#...............##########
#######......)............
#######'#####.......
#....(..##.......
#....(..##.......
#.....(.').......
#######.......#########


You could see a centaur.

Vanquished Creatures
  2 adders (D:2)
  An ooze (D:1)
  A worm (D:2)
  A dart slug (D:2)
  A leopard gecko (D:1)
  A ball python (D:1)
  A giant cockroach (D:2)
  4 goblins
  4 hobgoblins
  A quokka (D:2)
  2 bats
  5 frilled lizards
  13 kobolds
  10 rats
47 creatures vanquished.

Notes
Turn   | Place    | Note
-------+----------+-------------------------------------------
     0 | D:1      | Gadfly the Draconian Transmuter began the quest for the
                  | Orb.
     0 | D:1      | Reached XP level 1. HP: 16/16 MP: 3/3
   155 | D:1      | Reached XP level 2. HP: 22/23 MP: 3/5
   288 | D:1      | Learned a level 2 spell: Sticks to Snakes
  1105 | D:1      | Reached XP level 3. HP: 24/28 MP: 6/6
  1110 | D:1      | Learned a level 3 spell: Spider Form
  2325 | D:2      | Noticed a centaur
  2336 | D:2      | Reached XP level 4. HP: 31/36 MP: 7/7
  2340 | D:2      | HP: 1/36 [centaur (4)]
  2340 | D:2      | Mangled by a centaur

Illustrated notes

Levels and vault maps discovered:
D:1:      saegor_arrival_simple_b, layout_basic
D:2:      layout_basic

Skill      XL: |  1 |
---------------+----+-----
Dodging        | 2 |  2.3
Fighting       | |  1.7
Unarmed Combat | |  3.5
Spellcasting   | |  2.5
Transmutations | |  2.5

Action                   |  1- 3 |  4- 6 || total
-------------------------+-------+-------++-------
Melee: Unarmed           |    73 |       ||    73
       Tailslap          |     9 |       ||     9
       Headbutt          |     2 |       ||     2
       Punch             |     2 |       ||     2
       Whip              |    73 |     3 ||    76
       Kick              |     1 |       ||     1
 Cast: Beastly Appendage |    13 |       ||    13
  Use: Scroll            |     7 |       ||     7
       Potion            |     1 |       ||     1
  Eat: Chunk             |     4 |       ||     4
Armor: Skin              |    42 |       ||    42
Dodge: Dodged            |    83 |       ||    83
